 Dungeon Crawl Stone Soup version 0.17.2-1-ge4368a0 (webtiles) character file.

64 HellraiseR the Firebug (level 3, -4/19 HPs)
             Began as a Deep Elf Fire Elementalist on Aug 15, 2016.
             Slain by Crazy Yiuf
             ... wielding a +2 quarterstaff of chaos
              (9 damage)
             ... on level 2 of the Dungeon.
             The game lasted 00:19:10 (1691 turns).

HellraiseR the Firebug (Deep Elf Fire Elementalist) Turns: 1691, Time: 00:19:10

Health: -4/19      AC:  2    Str:  5    XL:     3   Next: 91%
Magic:  10/10      EV: 13    Int: 20    God:
Gold:   47         SH:  0    Dex: 15    Spells: 2 memorised, 6 levels left

rFire  . . .     SeeInvis .     (no weapon)
rCold  . . .     Clarity  .     a - +0 robe
rNeg   . . .     SustAt   +     (no shield)
rPois  .         Gourm    .     (no helmet)
rElec  .         Spirit   .     (no cloak)
rCorr  .         Warding  .     (no gloves)
rMut   .         Rnd*Tele +     (no boots)
MR     .....                    (no amulet)
Stlth  +.........               q - ring of sustain attributes
                                j - ring of teleportation (curse) {pp p}

@: confused, lethally poisoned (-4 -> -7), not resistant to hostile
enchantments, very unstealthy
A: no striking features
a: Evoke Teleportation


You were on level 2 of the Dungeon.
You were not hungry.

You visited 1 branch of the dungeon, and saw 2 of its levels.

You collected 47 gold pieces.

Inventory:

Armour
 a - a +0 robe (worn)
Jewellery
 j - a cursed ring of teleportation (left hand) {pp p}
 q - a ring of sustain attributes (right hand)
Scrolls
 d - a scroll of noise {unknown}
 g - 2 scrolls of identify {unknown}
 i - a scroll of random uselessness {unknown}
 k - a scroll of amnesia {unknown}
 n - a scroll of fog {unknown}
 r - a scroll of teleportation {unknown}
Potions
 e - 2 potions of lignification {unknown}
 f - a potion of curing {unknown}
 l - a potion of agility {unknown}
 m - a potion of heal wounds {unknown}
 p - a potion of ambrosia {unknown}
 s - a potion of beneficial mutation {unknown}
Books
 b - a book of Flames

   Spells                             Type                      Level
   a - Flame Tongue                   Conjuration/Fire             1
   b - Throw Flame                    Conjuration/Fire             2
   c - Conjure Flame                  Conjuration/Fire             3
   d - Inner Flame                    Hexes/Fire                   3
   e - Sticky Flame                   Conjuration/Fire             4
   f - Fireball                       Conjuration/Fire             5
Comestibles
 c - 2 bread rations
 h - a meat ration
 o - a beef jerky


   Skills:
 - Level 2.4 Dodging
 - Level 2.4 Stealth
 + Level 3.7 Spellcasting
 * Level 2.5 Conjurations
 + Level 4.2 Fire Magic


You had 6 spell levels left.
You knew the following spells:

 Your Spells              Type           Power        Failure   Level  Hunger
a - Flame Tongue          Conj/Fire      ###..        3%          1    None
b - Throw Flame           Conj/Fire      ###...       6%          2    ##.....


Dungeon Overview and Level Annotations

Branches:
Dungeon (2/15)

Altars:

Annotations:
D:2 Crazy Yiuf


Message History

You are more confused.
You bump into the rock wall.
You feel sick.
Crazy Yiuf zaps a wand.
You resist with some effort.
Crazy Yiuf yells, "Ice!
Mama unthinkable sanguine."
Crazy Yiuf zaps a wand.
You are more confused.
Crazy Yiuf zaps a wand.
You resist with some effort.
You feel sick.
Crazy Yiuf yells, "Snoogle!"
Crazy Yiuf zaps a wand.
You are more confused.
Crazy Yiuf zaps a wand.
Nothing appears to happen.
You bump into the rock wall.
You feel sick.
You bump into the rock wall.
You closely miss Crazy Yiuf.
Crazy Yiuf is moderately wounded.
Crazy Yiuf barely misses you.
You're too confused to move!
Crazy Yiuf hits you with a quarterstaff of chaos!
You die...

###................##
#.#####..#######.# #.#
#..## #.# #.# ##..>##
#.# ###.####.....##
#.# .....##.......##
#.# #....#.........#
#.#
#.##.#.........###.#
#.##.#.<.......#@..###
#.##.##.......##g#...#
#............##...##.#
...........####....###
#.....(..).# ##..##
#.........(# #P.P.#
...........# ##...#
#..........# ##.##
#.........## ##.#


You could see Crazy Yiuf.

Vanquished Creatures
  2 adders (D:2)
  2 worms (D:2)
  4 goblins
  8 hobgoblins
  4 jackals (D:2)
  4 bats
  2 giant geckos (D:2)
  5 kobolds
  10 rats
41 creatures vanquished.

Notes
Turn   | Place    | Note
--------------------------------------------------------------
     0 | D:1      | HellraiseR the Deep Elf Fire Elementalist began the quest for the Orb.
     0 | D:1      | Reached XP level 1. HP: 10/10 MP: 6/6
   439 | D:1      | Reached XP level 2. HP: 13/15 MP: 2/8
   858 | D:2      | Reached skill level 4 in Fire Magic
   862 | D:2      | Learned a level 2 spell: Throw Flame
  1069 | D:2      | Reached XP level 3. HP: 19/19 MP: 2/10
  1648 | D:2      | Noticed Crazy Yiuf
  1691 | D:2      | Slain by Crazy Yiuf

Action                   || total
-------------------------++-------
Melee: Unarmed           ||    15
 Cast: Flame Tongue      ||    65
       Throw Flame       ||     7
  Eat: Chunk             ||     2
